 Dungeon Crawl Stone Soup version 0.27.0-1-g7a089689b8 (webtiles) character file.

Game seed: 3679527446593655495

60 kobby the Conjurer (level 4, -1/38 HPs)
             Began as a Gnoll Wanderer on Aug 9, 2021.
             Slain by Natasha (8 damage)
             ... on level 2 of the Dungeon.
             The game lasted 00:07:56 (2279 turns).

kobby the Conjurer (Gnoll Wanderer)                 Turns: 2279, Time: 00:08:10

Health: -1/38      AC:  2    Str: 13    XL:     4   Next: 6%
Magic:  4/8        EV:  9    Int: 11    God:
Gold:   35         SH:  8    Dex: 11    Spells: 4/8 levels left

rFire    . . .     SeeInvis .   a - +0 club
rCold    . . .     Faith    .   d - +0 kite shield
rNeg     . . .     Spirit   .   c - +0 robe
rPois    .         Reflect  .   (no helmet)
rElec    .         Harm     .   j - scarf {repulsion}
rCorr    .         Rampage  .   (no gloves)
Will     .....                  (no boots)
Stlth    +.........             (no amulet)
HPRegen  0.12/turn              (no ring)
MPRegen  0.11/turn              (no ring)

@: very slightly contaminated, repel missiles
A: fangs 1, strong nose, distributed training
a: no special abilities


You were on level 2 of the Dungeon.
You visited 1 branch of the dungeon, and saw 2 of its levels.

You collected 35 gold pieces.

Inventory:

Hand Weapons
 a - a +0 club (weapon)
Armour
 c - a +0 robe (worn)
 d - a +0 kite shield (worn)
 j - a scarf of repulsion (worn)
Scrolls
 e - a scroll of teleportation
Potions
 b - 3 potions of curing
 g - a potion of magic


   Skills:
 + Level 4.6 Fighting
 + Level 1.0 Short Blades
 + Level 1.0 Long Blades
 + Level 1.0 Axes
 + Level 1.0 Maces & Flails
 + Level 1.0 Polearms
 + Level 1.0 Staves
 + Level 1.0 Slings
 + Level 1.0 Bows
 + Level 1.0 Crossbows
 + Level 1.0 Throwing
 + Level 2.7 Armour
 + Level 1.0 Dodging
 + Level 1.0 Stealth
 + Level 2.7 Shields
 + Level 1.0 Unarmed Combat
 + Level 2.9 Spellcasting
 + Level 7.1 Conjurations
 + Level 0.7 Hexes
 + Level 0.7 Summonings
 + Level 0.7 Necromancy
 + Level 0.7 Translocations
 + Level 0.7 Transmutations
 + Level 0.7 Fire Magic
 + Level 0.7 Ice Magic
 + Level 0.7 Air Magic
 + Level 0.7 Earth Magic
 + Level 0.7 Poison Magic
 + Level 1.1 Invocations
 + Level 2.7 Evocations


You had 4 spell levels left.
You knew the following spells:

 Your Spells              Type           Power      Damage    Failure   Level
a - Foxfire               Conj/Fire      40%        2x1d6     26%         1
b - Conjure Flame         Conj/Fire      10%        6-21      58%         3

Your spell library contained the following spells:

 Spells                   Type           Power      Damage    Failure   Level
 Mephitic Cloud           Conj/Pois/Air  7%         N/A       75%         3
 Ignite Poison            Fire/Tmut/Pois 3%         N/A       96%         3
 Bolt of Magma            Conj/Fire/Erth 3%         4d5       100%        5


Dungeon Overview and Level Annotations

Branches:
Dungeon (2/15)

Altars:

Annotations:
D:2 Natasha


Innate Abilities, Weirdness & Mutations

You have very sharp teeth.
Your uncanny sense of smell can sniff out nearby items.
Your experience applies equally to all skills.


Message History

You conjure some foxfire!
Natasha extends her claws.
Casting: Foxfire (safe; 26% risk of failure)
Confirm with . or Enter, or press ? or * to list all spells.
You miscast Foxfire.
Nothing appears to happen.
Natasha stares at you and mumbles some strange words.
You resist with some effort.
Your foxfire dissipates!
Your foxfire dissipates!
You hit Natasha.
Natasha is moderately wounded.
Natasha claws you!
Casting: Foxfire (safe; 26% risk of failure)
Confirm with . or Enter, or press ? or * to list all spells.
You conjure some foxfire!
Natasha extends her claws.
Natasha casts a spell.
You hit Natasha.
Natasha is heavily wounded.
The foxfire hits Natasha.
Natasha is severely wounded.
The foxfire hits Natasha but does no damage.
Natasha is severely wounded.
Natasha casts a spell at you. You resist with some effort.
The shadow imp closely misses you. Natasha claws you but does no damage.
Casting: Foxfire (safe; 26% risk of failure)
Confirm with . or Enter, or press ? or * to list all spells.
You conjure some foxfire!
The shadow imp disappears for a moment.
The shadow imp hits you.
Natasha mumbles some strange words.
You closely miss Natasha.
Natasha is severely wounded.
The foxfire hits the shadow imp but does no damage. x2
The shadow imp gestures at you. Pain shoots through your body!
* * * LOW HITPOINT WARNING * * *
Natasha claws you!
You die...

#.# #..# #. #.#
###.### ####.
#.###..#..####.#....
#....#...#.....#.###
##.....#...#####.#
#[..#...#.# #.# ∆∆
#.....#..######.##
∆∆
#..###.###.....#.#
#5@# #.....####.##
......5h# #####.#
### ∆ .#####.## #.#
###.# #.∆ ..# .....
#. ### ###.# #. ..
#.


You could see Natasha and 2 shadow imps.

Vanquished Creatures
  Natasha (D:2)
  5 endoplasms
  3 giant cockroaches (D:1)
  4 goblins
  2 hobgoblins (D:1)
  2 jackals (D:1)
  3 quokkas
  2 ball pythons (D:1)
  3 bats (D:2)
  A frilled lizard (D:1)
  2 kobolds (D:2)
  4 rats
32 creatures vanquished.

Vanquished Creatures (others)
  15 foxfires (D:2)
15 creatures vanquished.

Grand Total: 47 creatures vanquished

Notes
Turn   | Place    | Note
-------+----------+-------------------------------------------
     0 | D:1      | kobby the Gnoll Wanderer began the quest for the Orb.
     0 | D:1      | kobby set off with the following items: a +0 club, a potion
                  | of lignification, a +0 robe, a +0 kite shield; and the
                  | following spell memorised: Foxfire; and the following
                  | spells available to memorise: Conjure Flame
     0 | D:1      | Reached XP level 1. HP: 20/20 MP: 4/4
   314 | D:1      | Reached XP level 2. HP: 22/26 MP: 5/5
  1387 | D:2      | Reached XP level 3. HP: 31/31 MP: 7/7
  1506 | D:2      | Noticed Natasha
  1533 | D:2      | Killed Natasha
  1534 | D:2      | Reached skill level 1 in Short Blades
  1534 | D:2      | Reached skill level 1 in Long Blades
  1534 | D:2      | Reached skill level 1 in Axes
  1534 | D:2      | Reached skill level 1 in Maces & Flails
  1534 | D:2      | Reached skill level 1 in Polearms
  1534 | D:2      | Reached skill level 1 in Staves
  1534 | D:2      | Reached skill level 1 in Slings
  1534 | D:2      | Reached skill level 1 in Bows
  1534 | D:2      | Reached skill level 1 in Crossbows
  1534 | D:2      | Reached skill level 1 in Throwing
  1534 | D:2      | Reached skill level 1 in Dodging
  1534 | D:2      | Reached skill level 1 in Stealth
  1534 | D:2      | Reached skill level 1 in Unarmed Combat
  1534 | D:2      | Reached skill level 1 in Invocations
  1880 | D:2      | Learned a level 3 spell: Conjure Flame
  1907 | D:2      | Reached XP level 4. HP: 37/38 MP: 8/8
  2021 | D:2      | Found a faded altar of an unknown god.
  2269 | D:2      | Noticed Natasha
  2279 | D:2      | Slain by Natasha

Illustrated notes

Levels and vault maps discovered:
D:1:      dpeg_arrival_rooms_with_view, layout_basic
D:2:      layout_loops_ring, shapermc_ecumenical_altar_pompeii, basic_altar,
          supply_closet_lemuel, hex_tiny, minmay_tetromino_s4, uniq_natasha

Skill      XL: |  1  2  3 |
---------------+----------+-----
Short Blades   | 1 |  1.0
Long Blades    | 1 |  1.0
Axes           | 1 |  1.0
Maces & Flails | 1 |  1.0
Polearms       | 1 |  1.0
Staves         | 1 |  1.0
Slings         | 1 |  1.0
Bows           | 1 |  1.0
Crossbows      | 1 |  1.0
Throwing       | 1 |  1.0
Dodging        | 1 |  1.0
Stealth        | 1 |  1.0
Unarmed Combat | 1 |  1.0
Invocations    | 1 |  1.1
Fighting       | |  4.6
Armour         | |  2.7
Shields        | |  2.7
Spellcasting   | |  2.9
Conjurations   | |  7.1
Hexes          | |  0.7
Summonings     | |  0.7
Necromancy     | |  0.7
Translocations | |  0.7
Transmutations | |  0.7
Fire Magic     | |  0.7
Ice Magic      | |  0.7
Air Magic      | |  0.7
Earth Magic    | |  0.7
Poison Magic   | |  0.7
Evocations     | |  2.7

Action                   |  1- 3 |  4- 6 || total
-------------------------+-------+-------++-------
Melee: Club              |   128 |    12 ||   140
       Bite              |     6 |       ||     6
 Cast: Foxfire           |     6 |     3 ||     9
  Use: Potion            |     3 |       ||     3
       Scroll            |     2 |     3 ||     5
 Stab: Sleeping          |     3 |       ||     3
Armor: Robe              |    48 |     3 ||    51
       Skin              |     3 |       ||     3
Dodge: Dodged            |    66 |     3 ||    69
Block: Kite shield       |    76 |     2 ||    78
